 Dungeon Crawl Stone Soup version 0.27.0-1-g7a089689b8 (webtiles) character file.

Game seed: 16209193774536224717

420 rogsnak the Firebug (level 6, -1/41 HPs)
             Began as a Barachi Fire Elementalist on Aug 2, 2021.
             Was an Initiate of Vehumet.
             Slain by an orc wizard (4 damage)
             ... on level 5 of the Dungeon.
             The game lasted 00:08:29 (3910 turns).

rogsnak the Firebug (Barachi Fire Elementalist)     Turns: 3910, Time: 00:08:30

Health: -1/41      AC:  2    Str:  9    XL:     6   Next: 94%
Magic:  2/12       EV: 12    Int: 17    God:    Vehumet [......]
Gold:   179        SH:  0    Dex: 13    Spells: 3/13 levels left

rFire    . . .     SeeInvis .   n - +1 dagger (venom)
rCold    . . .     Faith    .   (no shield)
rNeg     . . .     Spirit   .   a - +0 robe
rPois    .         Reflect  .   (no helmet)
rElec    .         Harm     .   (no cloak)
rCorr    .         Rampage  .   (no gloves)
Will     .....                  (no boots)
Stlth    ++........             (no amulet)
HPRegen  0.13/turn              (no ring)
MPRegen  0.13/turn              (no ring)

@: unable to hop, very slightly contaminated, slow
A: amphibious, slowness 1, strong legs 1, +LOS
a: Hop, Renounce Religion


You were on level 5 of the Dungeon.
You worshipped Vehumet.
Vehumet was noncommittal.
You visited 1 branch of the dungeon, and saw 5 of its levels.

You collected 179 gold pieces.

Inventory:

Hand Weapons
 b - a +0 dagger
 c - a +1 short sword of freezing
 j - a +0 lajatang
 m - a +0 trident
 n - a +1 dagger of venom (weapon)
 w - the +0 dagger of Digowel {holy, *Slow +Rage Will+ rCorr}
   (You found it on level 4 of the Dungeon)

   It has been blessed by the Shining One to cause great damage to the undead
   and demons.
   +Rage:     It lets you go berserk.
   rCorr:     It protects you from acid and corrosion.
   *Slow:     It may slow you when you take damage.
   Will:      It increases your willpower.
Missiles
 d - 182 stones
 e - 47 arrows
 q - 46 poisoned darts
Armour
 a - a +0 robe (worn)
Magical Staves
 f - a staff of earth
 s - a staff of air
Jewellery
 t - an amulet of regeneration
Scrolls
 g - 2 scrolls of enchant weapon {unknown}
 h - 6 scrolls of identify {unknown}
 l - a scroll of amnesia {unknown}
 o - a scroll of teleportation {unknown}
 p - a scroll of blinking {unknown}
 r - a scroll of enchant armour {unknown}
 u - a scroll of acquirement {unknown}
 v - a scroll of immolation {unknown}
Potions
 i - a potion of resistance {unknown}
 k - 3 potions of curing {unknown}
 x - a potion of haste {unknown}


   Skills:
 + Level 2.6 Dodging
 - Level 2.0 Stealth
 + Level 4.3 Spellcasting
 * Level 4.5 Conjurations
 + Level 5.2 Fire Magic


You had 3 spell levels left.
You knew the following spells:

 Your Spells              Type           Power      Damage    Failure   Level
a - Foxfire               Conj/Fire      80%        2x1d8     1%          1
b - Sticky Flame          Conj/Fire      20%        2d4       21%         4
c - Fireball              Conj/Fire      10%        3d6       50%         5

Your spell library contained the following spells:

 Spells                   Type           Power      Damage    Failure   Level
 Conjure Flame            Conj/Fire      20%        6-21      6%          3
 Inner Flame              Hex/Fire       12%        N/A       16%         3
 Summon Guardian Golem    Hex/Summ       3%         N/A       43%         3
 Orb of Destruction       Conj           9%         9d4       100%        7
 Spellforged Servitor     Conj/Summ      5%         N/A       100%        7


Dungeon Overview and Level Annotations

Branches:
Dungeon (5/15)
 Temple: D:4-7

Altars:
Vehumet
Wu Jian


Innate Abilities, Weirdness & Mutations

You are amphibious.
You cover ground slowly.
You can hop short distances.
You have an extended range of vision and can be seen from far away.


Message History

The orc priest calls down the wrath of Beogh upon you.
Beogh smites you!
The orc priest looks satisfied for a moment.
You closely miss the orc priest.
The orc priest is severely wounded.
You feel less confused. The orc priest barely misses you.
The orc hits you with a +0 whip.
* * * LOW HITPOINT WARNING * * *
The orc wizard hits you with a +0 dagger.
* * * LOW HITPOINT WARNING * * *
Casting: Foxfire (safe; 1% risk of failure)
Confirm with . or Enter, or press ? or * to list all spells.
The spell is quite dangerous to cast (21% risk of failure)!
Continue anyway?
Aiming: Sticky Flame (quite dangerous; 21% risk of failure)
Press: ? - help, Shift-Dir - straight line, f - orc priest
Aim: an orc priest, wielding a +0 hand axe and wearing a +0 leather armour (severely wounded, 100% to hit)
You miscast Sticky Flame.
You are very lightly contaminated with residual magic.
Nothing appears to happen.
The orc priest looks braver for a moment.
The orc closely misses you. The orc wizard barely misses you.
Unknown command.
Casting: Sticky Flame (quite dangerous; 21% risk of failure)
Confirm with . or Enter, or press ? or * to list all spells.
You conjure some foxfire!
The orc priest miscasts a cantrip.
The orc hits you with a +0 whip.
* * * LOW HITPOINT WARNING * * *
The orc wizard hits you but does no damage.
Casting: Foxfire (safe; 1% risk of failure)
Confirm with . or Enter, or press ? or * to list all spells.
You conjure some foxfire!
The foxfire hits the orc!
You kill the orc!
Vehumet accepts your kill.
The foxfire hits the orc wizard!
The orc wizard is heavily wounded.
The orc priest hits you with a +0 hand axe.
* * * LOW HITPOINT WARNING * * *
The orc wizard hits you with a +0 dagger.
You die...

#...# .# #................#
#...##.# ###+####.........+
#......# #.........# #......#
#.......... ##......+
#..........
#..o....##########..........
#...oo..#.).................
##'######.v.ยง...............
#......)..o@................
#.........o)v..............#
#..........................#
#........#####'###.........#
#........#.......#.........#
#........#.......#.........#
#........#.......#.........
..........#.......#
...........###.....#


You could see an orc priest and an orc wizard (ally target).

Vanquished Creatures
  A black bear (D:4)
  An ogre (D:4)
  Natasha (thrice) (D:2)
  An orc wizard (D:5)
  A gnoll (D:1)
  6 adders
  A dart slug (D:4)
  4 orcs
  10 ball pythons
  2 endoplasms
  3 giant cockroaches
  5 goblins
  4 hobgoblins
  11 jackals
  11 kobolds
  4 quokkas
  4 bats
  2 frilled lizards (D:1)
  5 rats
79 creatures vanquished.

Vanquished Creatures (collateral kills)
  6 foxfires (D:3)
6 creatures vanquished.

Vanquished Creatures (others)
  225 foxfires
  9 plants (D:3)
234 creatures vanquished.

Grand Total: 319 creatures vanquished

Notes
Turn   | Place    | Note
-------+----------+-------------------------------------------
     0 | D:1      | rogsnak the Barachi Fire Elementalist began the quest for
                  | the Orb.
     0 | D:1      | Reached XP level 1. HP: 13/13 MP: 3/3
   211 | D:1      | Reached XP level 2. HP: 19/19 MP: 1/5
   473 | D:1      | Reached skill level 4 in Fire Magic
   473 | D:1      | Reached XP level 3. HP: 24/24 MP: 1/6
  1578 | D:2      | Noticed Natasha
  1587 | D:2      | Killed Natasha
  1588 | D:2      | Reached XP level 4. HP: 25/30 MP: 5/8
  1665 | D:2      | Noticed Natasha
  1670 | D:2      | Killed Natasha
  1823 | D:2      | Noticed Natasha
  1833 | D:2      | Killed Natasha
  1834 | D:2      | Reached XP level 5. HP: 35/35 MP: 3/9
  2704 | D:3      | Found an ornate altar of the Wu Jian Council.
  2757 | D:3      | Found a radiant altar of Vehumet.
  2765 | D:3      | Became a worshipper of Vehumet
  3048 | D:3      | Found a faded altar of an unknown god.
  3321 | D:4      | Noticed an ogre
  3330 | D:4      | Killed an ogre
  3331 | D:4      | Reached XP level 6. HP: 22/41 MP: 4/11
  3343 | D:4      | Learned a level 4 spell: Sticky Flame
  3349 | D:4      | Learned a level 5 spell: Fireball
  3534 | D:4      | Noticed a black bear
  3543 | D:4      | Killed a black bear
  3544 | D:4      | Reached skill level 5 in Fire Magic
  3779 | D:4      | Identified the +0 dagger of Digowel {holy, *Slow +Rage
                  | Will+ rCorr}
  3824 | D:5      | Entered Level 5 of the Dungeon
  3910 | D:5      | Slain by an orc wizard

Illustrated notes

Levels and vault maps discovered:
D:1:      amcnicky_arrival_flooded_fountain, layout_rooms
D:2:      layout_basic, uniq_natasha
D:3:      layout_loops_corners, mainiacjoe_overflow_alcove_1,
          mainiacjoe_overflow_surrounded_room, serial_bayou,
          serial_bayou_pond_e, serial_bayou_pond_e, serial_bayou_shore_a,
          serial_bayou_pond_a, serial_bayou_pond_c, serial_bayou_ford_a,
          dreamdust_ecumenical_altar_hidden_monk_grotto
D:4:      layout_basic
D:5:      layout_gridville, serial_shops, nicolae_shop_crystal, kennysheep_nub

Skill      XL: |  1  2  3  4  5  6 |
---------------+-------------------+-----
Fire Magic     | 4 5 |  5.2
Conjurations   | 2 3 4 |  4.5
Stealth        | 2 |  2.0
Spellcasting   | 3 4 |  4.3
Dodging        | |  2.6

Action                   |  1- 3 |  4- 6 || total
-------------------------+-------+-------++-------
Melee: Unarmed           |     1 |       ||     1
       Short sword       |    19 |       ||    19
       Dagger            |     5 |    18 ||    23
 Cast: Foxfire           |    60 |    88 ||   148
 Abil: Hop               |       |     1 ||     1
 Stab: Sleeping          |     1 |     1 ||     2
Armor: Robe              |     3 |     4 ||     7
Dodge: Dodged            |    18 |    18 ||    36
